 Dungeon Sprint DCSS version 0.24.0-123-gd5b16e6ec5 (webtiles) character file.

Game seed: 6562903914527348973, levelgen mode: deterministic

128 McKennaii the Destroyer (level 4, 0/33 HPs)
             Began as a Draconian Conjurer on Jan 26, 2020.
             Slain by a quasit (1 damage)
             ... summoned by a neqoxec
             ... in the Dungeon (Sprint II: "The Violet Keep of Menkaure").
             The game lasted 00:00:23 (31 turns).

McKennaii the Destroyer (Draconian Conjurer)          Turns: 31, Time: 00:00:24

Health: 0/33       AC:  5    Str: 11      XL:     4   Next: 86%
Magic:  6/10       EV: 12    Int: 14 (16) God:
Gold:   0          SH:  0    Dex:  6 (11) Spells: 10/11 levels left

rFire    . . .     SeeInvis .   (no weapon)
rCold    . . .     Gourm    .   (no shield)
rNeg     . . .     Faith    .   (armour unavailable)
rPois    .         Spirit   .   (helmet restricted)
rElec    .         Reflect  .   (no cloak)
rCorr    .         Harm     .   (no gloves)
MR       .....     NoTele   +   (no boots)
Stlth    ++........             (no amulet)
HPRegen  0.11/turn              (no ring)
MPRegen  0.12/turn              (no ring)

@: berserk cooldown, slowed, very slow
A: unfitting armour, cold-blooded, AC +5
a: no special abilities


You were in the Dungeon.
You were not hungry.

You visited 1 branch

Inventory:

Scrolls
 h - a scroll of blinking
Potions
 c - a potion of curing
 d - a potion of heal wounds
 e - a potion of haste
 f - 2 potions of magic
Comestibles
 b - a ration


   Skills:
 + Level 3.0 Dodging
 + Level 2.9 Stealth
 * Level 4.3 Spellcasting
 + Level 8.9 Conjurations


You had 10 spell levels left.
You knew the following spells:

 Your Spells              Type           Power        Failure   Level  Hunger
a - Magic Dart            Conj           ####         1%          1    None

Your spell library contained the following spells:

 Spells                   Type           Power        Failure   Level  Hunger
 Searing Ray              Conj           ####..       1%          2    ##.....
 Iskenderun's Mystic Bla  Conj           ####....     4%          4    ####...
 Dazzling Spray           Conj/Hex       ###...       9%          3    ###....
 Force Lance              Conj/Tloc      ###.....     30%         4    ####...
 Fulminant Prism          Conj/Hex       ###.......   30%         4    ####...


Dungeon Overview and Level Annotations

Branches:
Dungeon (1/1)

Altars:


Innate Abilities, Weirdness & Mutations

Your plain brown scales are hard. (AC +5)
You cannot fit into any form of body armour.
You are cold-blooded and may be slowed by cold attacks.


Message History

The white imp gestures at you. The puff of frost misses you.
The neqoxec hits you!
* * * LOW HITPOINT WARNING * * *
The neqoxec gestures.
You are too berserk!
You barely miss the neqoxec.
The neqoxec is almost dead.
The quasit bites you but does no damage.
The quasit claws you but does no damage.
The quasit misses you.
The white imp hits you but does no damage.
Unknown command.
You closely miss the neqoxec.
The neqoxec is almost dead.
You are no longer berserk.
You are exhausted.
You feel yourself slow down.
The quasit bites you but does no damage.
The quasit claws you.
You die...

## #. #
##. ##w
#3#
#.w.##3##
#$+55@+
####5##
#+#


You could see 2 neqoxecs, a quasit, a white imp and an ufetubus.

Vanquished Creatures
  A neqoxec (D)
1 creature vanquished.

Notes
Turn   | Place    | Note
-------+----------+-------------------------------------------
     0 | D        | McKennaii the Draconian Conjurer began the quest for the
                  | Orb.
     0 | D        | Reached XP level 1. HP: 14/14 MP: 3/3
     5 | D        | Noticed a neqoxec
    11 | D        | Noticed a neqoxec
    14 | D        | Noticed a quasit
    15 | D        | Killed a neqoxec
    15 | D        | Reached skill level 8 in Conjurations
    15 | D        | Reached XP level 2. HP: 20/20 MP: 4/7
    15 | D        | Reached XP level 3. HP: 26/26 MP: 4/8
    15 | D        | Reached XP level 4. HP: 33/33 MP: 5/10
    19 | D        | Noticed a neqoxec
    29 | D        | HP: 2/49 [neqoxec (7)]
    31 | D        | Slain by a quasit

Levels and vault maps discovered:
D:        the_violet_keep_of_menkaure [sprint2_stairs_cluster_1,
          sprint2_shoproom, sprint2_temple, sprint2_basic_supplies,
          sprint2_obstacle_7, sprint2_obstacle_1, sprint2_obstacle_6,
          sprint2_obstacle_5, sprint2_obstacle_2, sprint2_timed_cluster_1,
          sprint2_smallroom_cluster_1, sprint2_smallroom_final_cluster_1,
          sprint2_transparent_cluster_1, sprint2_second_timed_cluster_1,
          sprint2_sniper_area_1, sprint2_heavy_combat_area_1,
          sprint2_mutation_trap_area_1, sprint2_forest_area_1,
          sprint2_light_combat_area_1, sprint2_behind_water_1,
          sprint2_near_end_vault_1]

Skill      XL: |  1 |
---------------+----+-----
Dodging        | 3 |  3.0
Stealth        | 2 |  2.9
Spellcasting   | 4 |  4.3
Conjurations   | 8 |  8.9

Action                   |  1- 3 |  4- 6 || total
-------------------------+-------+-------++-------
Melee: Unarmed           |     7 |    16 ||    23
       Tailslap          |       |     2 ||     2
  Use: Potion            |     1 |       ||     1
Armor: Skin              |       |    22 ||    22
Dodge: Dodged            |     1 |    27 ||    28
